 Dungeon Crawl Stone Soup version 0.27.1-3-gb3d3a73c9e (webtiles) character file.

Game seed: 16128454335222322243

578 jlumianski the Chopper (level 7, -3/43 HPs)
             Began as a Gargoyle Fighter on Oct 25, 2021.
             Slain by a yak (13 damage)
             ... on level 5 of the Dungeon.
             The game lasted 00:14:58 (4661 turns).

jlumianski the Chopper (Gargoyle Fighter)           Turns: 4661, Time: 00:14:59

Health: -3/43      AC: 15    Str: 22    XL:     7   Next: 35%
Magic:  7/7        EV:  6    Int:  8    God:
Gold:   189        SH:  9    Dex:  9    Spells: 6/6 levels left

rFire    . . .     SeeInvis .   a - +0 war axe
rCold    . . .     Faith    .   c - +0 kite shield
rNeg     + . .     Spirit   .   j - +0 chain mail
rPois    ∞         Reflect  .   (no helmet)
rElec    +         Harm     .   s - +0 cloak
rCorr    .         Rampage  .   (no gloves)
Will     .....                  (no boots)
Stlth    ..........             (no amulet)
HPRegen  0.14/turn              (no ring)
MPRegen  0.10/turn              (no ring)

@: mighty
A: sickness immunity, AC +4, negative energy resistance 1, electricity
resistance, torment resistance 1, petrification resistance
a: no special abilities


You were on level 5 of the Dungeon.
You visited 1 branch of the dungeon, and saw 5 of its levels.

You collected 189 gold pieces.

Inventory:

Hand Weapons
 a - a +0 war axe (weapon)
 g - a +2 whip of draining
 u - a +0 vampiric whip
 y - a +0 trident of protection
 B - a +0 hunting sling
Missiles
 p - 64 sling bullets
 r - 82 stones
 w - 39 poisoned darts (quivered)
 z - 3 boomerangs
Armour
 b - a +0 scale mail
 c - a +0 kite shield (worn)
 j - a +0 chain mail (worn)
 s - a +0 cloak (worn)
 x - a +1 scale mail of poison resistance
Scrolls
 f - a scroll of torment {unknown}
 h - a scroll of amnesia {unknown}
 k - a scroll of immolation {unknown}
 l - 2 scrolls of enchant armour {unknown}
 t - 2 scrolls of fog {unknown}
 v - a scroll of identify {unknown}
 C - a scroll of silence {unknown}
Potions
 e - 2 potions of degeneration {unknown}
 i - 2 potions of attraction {unknown}
 m - a potion of invisibility {unknown}
 n - a potion of lignification {unknown}
 o - a potion of cancellation {unknown}
 q - a potion of brilliance {unknown}
 A - a potion of mutation {unknown}
 D - a potion of curing {unknown}


   Skills:
 + Level 4.2 Fighting
 + Level 4.9 Axes
 + Level 1.2 Throwing
 + Level 4.7 Armour
 + Level 1.2 Dodging
 + Level 0.3 Stealth
 + Level 4.6 Shields


You had 6 spell levels left.
You didn't know any spells.
Your spell library contained the following spells:

 Spells                   Type           Power      Damage    Failure   Level
 Animate Skeleton         Necr           0%         N/A       100%        1
 Apportation              Tloc           0%         N/A       100%        1
 Corona                   Hex            0%         N/A       100%        1
 Summon Small Mammal      Summ           0%         N/A       100%        1
 Slow                     Hex            0%         N/A       100%        2
 Confusing Touch          Hex            0%         N/A       100%        3
 Fireball                 Conj/Fire      0%         3d3       100%        5
 Iskenderun's Battlesphe  Conj           0%         2d6       100%        5
 Yara's Violent Unravell  Hex/Tmut       0%         3d3       100%        5
 Conjure Ball Lightning   Conj/Air       0%         3x3d6     100%        6
 Orb of Destruction       Conj           0%         N/A       100%        7


Dungeon Overview and Level Annotations

Branches:
Dungeon (5/15)
 Temple: D:4-7

Altars:


Innate Abilities, Weirdness & Mutations

You are immune to sickness and miasma.
Your stone body is resilient. (AC +4)
You are immune to poison.
You resist negative energy. (rN+)
You are resistant to electric shocks. (rElec)
You are resistant to unholy torment.
You are immune to petrification.


Message History

The yak is lightly wounded.
The yak gores you but does no damage. x2
You hit the yak.
The yak is moderately wounded.
The yak gores you!
You barely miss the yak.
The yak is moderately wounded.
The yak gores you but does no damage. x2
You barely miss the yak.
The yak is moderately wounded.
The yak barely misses you.
You barely miss the yak.
The yak is moderately wounded.
The yak gores you!
You barely miss the yak.
The yak is moderately wounded.
You block the yak's attack. x2
You hit the yak but do no damage.
The yak is moderately wounded.
The yak gores you. x2
* * * LOW HITPOINT WARNING * * *
You hit the yak.
The yak is heavily wounded.
You block the yak's attack.
You barely miss the yak.
The yak is heavily wounded.
You block the yak's attack. x2
Your chain mail prevents you from hitting the yak.
The yak is heavily wounded.
The yak gores you but does no damage.
You hit the yak but do no damage.
The yak is moderately wounded.
The yak barely misses you. x2
You barely miss the yak.
The yak is moderately wounded.
The yak gores you but does no damage.
You aren't carrying any items that you can evoke without wielding.
You feel very mighty all of a sudden. The yak gores you!
You die...

######
#@Y.(#
####(# #.#
#.# #Y#
#.########
#.Y..Y...#
#........#
#######Y.#
.


You could see a yak.

Vanquished Creatures
  2 yaks (D:4)
  2 jellies (D:4)
  A hound (D:3)
  An iguana (D:4)
  An orc wizard (D:2)
  2 hound skeletons
  2 gnolls (D:2)
  3 adders
  A worm (D:3)
  3 dart slugs
  8 orcs
  6 bats
  2 endoplasms
  2 giant cockroaches
  9 goblins
  3 hobgoblins
  3 jackals (D:4)
  7 kobolds
  5 quokkas
  6 ball pythons
  5 frilled lizards
  5 rats
79 creatures vanquished.

Notes
Turn   | Place    | Note
-------+----------+-------------------------------------------
     0 | D:1      | jlumianski the Gargoyle Fighter began the quest for the
                  | Orb.
     0 | D:1      | Reached XP level 1. HP: 14/14 MP: 1/1
   241 | D:1      | Reached XP level 2. HP: 13/19 MP: 2/2
   295 | D:1      | Found a faded altar of an unknown god.
   876 | D:1      | Reached XP level 3. HP: 20/23 MP: 3/3
  1435 | D:2      | Reached skill level 1 in Dodging
  1435 | D:2      | Reached XP level 4. HP: 24/29 MP: 4/4
  2726 | D:2      | Reached XP level 5. HP: 30/33 MP: 5/5
  3658 | D:4      | Reached XP level 6. HP: 30/38 MP: 6/6
  4398 | D:5      | Entered Level 5 of the Dungeon
  4421 | D:5      | Noticed a yak
  4421 | D:5      | Noticed a yak
  4422 | D:5      | Noticed a yak
  4456 | D:4      | Killed a yak
  4457 | D:4      | Reached XP level 7. HP: 27/43 MP: 7/7
  4579 | D:4      | Killed a yak
  4580 | D:4      | Reached skill level 1 in Throwing
  4661 | D:5      | Slain by a yak

Illustrated notes

Levels and vault maps discovered:
D:1:      tarquinn_simple_flora_water_b, layout_rooms,
          shapermc_ecumenical_altar_mp_vishouse
D:2:      layout_loops_cross
D:3:      layout_basic
D:4:      layout_loops_corners, minmay_misc_feat_tiny
D:5:      kennysheep_kobold_camp, layout_basic, nicolae_sextant, minmay_holes,
          kennysheep_windowed_goal

Skill      XL: |  1  2  3  4  5  6  7 |
---------------+----------------------+-----
Axes           | 2 3 4 |  4.9
Dodging        | 1 |  1.2
Armour         | 4 |  4.7
Shields        | 4 |  4.6
Fighting       | 4 |  4.2
Throwing       | 1 |  1.2
Stealth        | |  0.3

Action                   |  1- 3 |  4- 6 |  7- 9 || total
-------------------------+-------+-------+-------++-------
Melee: War axe           |   115 |   168 |    23 ||   306
Throw: Dart              |       |    15 |       ||    15
  Use: Potion            |       |       |     1 ||     1
Armor: Scale mail        |    44 |       |       ||    44
       Chain mail        |    74 |   123 |     9 ||   206
Dodge: Dodged            |    53 |    49 |     8 ||   110
Block: Kite shield       |    86 |   105 |    10 ||   201
